 Dungeon Crawl Stone Soup version 0.31-a0-40-g1d5085d191 (webtiles) character file.

Game seed: 7698692859119896040

391 lunkers the Grave Robber (level 7, -4/50 HPs)
             Began as a Meteoran Wanderer on May 18, 2023.
             Was a Believer of Makhleb.
             Shot with an arrow by a centaur (7 damage)
             ... on level 5 of the Dungeon.
             The game lasted 00:04:08 (1798 turns).

lunkers the Grave Robber (Meteoran Wanderer)        Turns: 1798, Time: 00:04:09

Health: -4/50      AC:  3    Str: 11    XL:     7   Next: 29%
Magic:  7/15       EV: 14    Int: 18    God:    Makhleb [**....]
Gold:   170        SH:  0    Dex: 14    Spells: 10/15 levels left

rFire   . . .        a - +0 dagger
rCold   . . .        (no shield)
rNeg    . . .        c - +0 robe
rPois   .            d - +0 helmet
rElec   .            (no cloak)
rCorr   .            (no gloves)
SInv    .            (no boots)
Will    .....        (no amulet)
Stlth   +            (no ring)
HPRegen 0.28/turn    (no ring)
MPRegen 0.14/turn

%: no passive effects
@: glowing
A: sense surroundings 1, otherworldly, glowing, explore regen
a: Renounce Religion, Minor Destruction


You were on level 5 of the Dungeon.
You worshipped Makhleb.
Makhleb was pleased with you.
You visited 1 branch of the dungeon, and saw 5 of its levels.

You collected 170 gold pieces.

Inventory:

Hand Weapons
 a - a +0 dagger (weapon)
 r - a +0 antimagic dagger
Armour
 c - a +0 robe (worn)
 d - a +0 helmet (worn)
Jewellery
 y - the ring "Vipnymigh" {Ice rN+ Str+3}
   (You found it on level 5 of the Dungeon)

   [ring of ice]

   It enhances your ice magic.
   Str:       It affects your strength (+3).
   rF:        It makes you vulnerable to fire.
   rC:        It protects you from cold.
   rN:        It protects you from negative energy.
Wands
 p - a wand of flame (23)
 u - a wand of polymorph (1)
Scrolls
 e - 2 scrolls of teleportation
 i - a scroll of blinking {unknown}
 k - a scroll of vulnerability {unknown}
 n - a scroll of fog {unknown}
 o - a scroll of enchant weapon {unknown}
 q - 2 scrolls of enchant armour {unknown}
 x - a scroll of amnesia {unknown}
Potions
 b - 2 potions of attraction
 h - a potion of brilliance {unknown}
 j - a potion of might {unknown}
 l - 2 potions of curing
 m - a potion of mutation {unknown}
 s - a potion of flight {unknown}
 t - 2 potions of invisibility
 w - a potion of haste {unknown}


   Skills:
 - Level 4.8 Dodging
 + Level 4.7 Spellcasting
 - Level 1.2 Hexes
 * Level 7.5 Necromancy


You had 10 spell levels left.
You knew the following spells:

 Your Spells              Type           Power      Damage    Failure   Level
a - Necrotise             Necr           100%       1d9       1%          1
b - Dispel Undead         Necr           31%        3d14      6%          4

Your spell library contained the following spells:

 Spells                   Type           Power      Damage    Failure   Level
 Kiss of Death            Conj/Necr      68%        2d10      3%          1
 Slow                     Hex            32%        N/A       9%          1
 Apportation              Tloc           8%         N/A       14%         1
 Scorch                   Fire           8%         2d5       21%         2
 Confusing Touch          Hex            8%         N/A       26%         3
 Tukima's Dance           Hex            8%         N/A       26%         3
 Flame Wave               Conj/Fire      4%         2d5       80%         4
 Alistair's Intoxication  Tmut/Pois      2%         N/A       98%         5
 Summon Cactus Giant      Summ           2%         N/A       100%        6


Dungeon Overview and Level Annotations

Branches:
Dungeon (5/15) Zot: 1198   Temple (0/1) D:4

Altars:
Ashenzari
Makhleb
Vehumet
Wu Jian


Innate Abilities, Weirdness & Mutations

You passively map a small area around you.
You are easily found by Zot.
You glow in the dark.
You regain HP and MP as you explore.


Message History

The arrow barely misses you.
Unknown command.
Casting: Necrotise (safe; 1% risk of failure)
Confirm with . or Enter, or press ? or * to list all spells.
Aiming: Necrotise (safe; 1% risk of failure)
Press: ? - help, Shift-Dir - straight line, f - centaur
Aim: a centaur, wielding a +0 shortbow (ally target, chance to affect: 83%)
The centaur writhes in agony!
The centaur shoots an arrow.
The arrow hits you.
* * * LOW HITPOINT WARNING * * *
Casting: Necrotise (safe; 1% risk of failure)
Confirm with . or Enter, or press ? or * to list all spells.
Aiming: Necrotise (safe; 1% risk of failure)
Press: ? - help, Shift-Dir - straight line, f/p - centaur
Aim: a centaur, wielding a +0 shortbow (moderately wounded, ally target, chance to affect: 83%)
The centaur writhes in agony.
The centaur shoots an arrow.
The arrow closely misses you.
Your hound skeleton bites the centaur.
Unknown command.
Casting: Necrotise (safe; 1% risk of failure)
Confirm with . or Enter, or press ? or * to list all spells.
You don't know that spell.
Unknown command.
Unknown command.
Casting: Necrotise (safe; 1% risk of failure)
Confirm with . or Enter, or press ? or * to list all spells.
Aiming: Necrotise (safe; 1% risk of failure)
Press: ? - help, Shift-Dir - straight line, f/p - centaur
Aim: a centaur, wielding a +0 shortbow (heavily wounded, ally target, chance to affect: 83%)
The centaur writhes in agony.
The centaur shoots an arrow.
The arrow hits you!
* * * LOW HITPOINT WARNING * * *
Your hound skeleton bites the centaur but does no damage.
The centaur shoots an arrow.
The arrow barely misses you.
Casting: Necrotise (safe; 1% risk of failure)
Confirm with . or Enter, or press ? or * to list all spells.
Aiming: Necrotise (safe; 1% risk of failure)
Press: ? - help, Shift-Dir - straight line, f/p - centaur
Aim: a centaur, wielding a +0 shortbow (heavily wounded, ally target, chance to affect: 83%)
The centaur writhes in agony!
Your hound skeleton bites the centaur but does no damage.
The centaur shoots an arrow.
The arrow hits you!
You die...

*, * ,* ,
,....# ....# ,
,,, ,*....# ,
....# * ....#
,########....#
,
............#
.......@....#
,
............#
,,
,.....cZ.....#
,............#
*
*##..........#
,
,#..........#
#..........#
#..........# ,


You could see a centaur (ally target) and a friendly hound skeleton.

Vanquished Creatures
  An ice beast (D:5)
  A scorpion (D:4)
  2 hounds
  2 jellies (D:4)
  An iguana (D:4)
  4 adders
  2 dart slugs (D:4)
  An orc (D:4)
  2 bats (D:1)
  6 endoplasms
  3 giant cockroaches
  3 goblins
  6 hobgoblins
  8 jackals
  2 quokkas (D:2)
  5 ball pythons
  A frilled lizard (D:1)
  4 kobolds
  5 rats
59 creatures vanquished.

Vanquished Creatures (collateral kills)
  A giant cockroach (D:3)
1 creature vanquished.

Grand Total: 60 creatures vanquished

Notes
Turn   | Place    | Note
-------+----------+-------------------------------------------
     0 | D:1      | lunkers the Meteoran Wanderer began the quest for the Orb.
     0 | D:1      | lunkers set off with the following items: a +0 dagger, a
                  | potion of attraction, a +0 robe, a +0 helmet; and the
                  | following spells available to memorise: Necrotise, Kiss of
                  | Death, Slow, Dispel Undead, Tukima's Dance.
     0 | D:1      | Reached XP level 1. HP: 14/14 MP: 3/3
     2 | D:1      | Learned a level 1 spell: Necrotise
   109 | D:1      | Reached XP level 2. HP: 20/20 MP: 3/5
   376 | D:1      | Reached XP level 3. HP: 21/26 MP: 1/7
   378 | D:1      | Reached skill level 5 in Necromancy
   580 | D:2      | Found a faded altar of an unknown god.
   590 | D:2      | Prayed at the altar of an unknown god.
   590 | D:2      | Became a worshipper of Makhleb the Destroyer
   590 | D:2      | Reached * piety under Makhleb
   844 | D:3      | Reached XP level 4. HP: 33/33 MP: 3/8
   915 | D:3      | Found a radiant altar of Vehumet.
   999 | D:3      | Found an ornate altar of the Wu Jian Council.
  1328 | D:4      | Reached ** piety under Makhleb
  1584 | D:4      | Reached skill level 6 in Necromancy
  1584 | D:4      | Reached XP level 5. HP: 38/38 MP: 6/10
  1589 | D:4      | Learned a level 4 spell: Dispel Undead
  1589 | D:4      | Found a staircase to the Ecumenical Temple.
  1639 | D:4      | Found a broken altar of Ashenzari.
  1659 | D:4      | Reached XP level 6. HP: 45/45 MP: 7/12
  1751 | D:4      | Reached skill level 7 in Necromancy
  1754 | D:5      | Entered Level 5 of the Dungeon
  1769 | D:5      | Noticed an ice beast
  1774 | D:5      | Killed an ice beast
  1775 | D:5      | Reached XP level 7. HP: 50/50 MP: 10/14
  1782 | D:5      | Identified the ring "Vipnymigh" {Ice rN+ Str+3}
  1798 | D:5      | Shot with an arrow by a centaur

Illustrated notes

Levels and vault maps discovered:
D:1:      lemuel_arrival_cross, layout_basic
D:2:      layout_basic, hellmonk_ecumenical_altar_leap_of_faith
D:3:      layout_basic, fiery_altar_vehumet, mainiacjoe_overflow_cross_hatched
D:4:      layout_loops_corners, ashenzari_altar_1,
          minmay_temple_entry_overgrown, minmay_misc_feat_square,
          chequers_big_river
D:5:      layout_gridville, general_overflow_altar, serial_shops, shop,
          nicolae_shop_firing_range

Skill      XL: |  1  2  3  4  5  6 |
---------------+-------------------+-----
Spellcasting   | 2 3 4 |  4.7
Necromancy     | 5 6 7 |  7.5
Dodging        | |  4.8
Hexes          | |  1.2

Action                     |  1- 3 |  4- 6 |  7- 9 || total
---------------------------+-------+-------+-------++-------
  Melee: Dagger            |     4 |     1 |       ||     5
   Cast: Necrotise         |    52 |    68 |     9 ||   129
    Use: Scroll            |       |       |     4 ||     4
 Armour: Robe              |     3 |       |     1 ||     4
  Dodge: Dodged            |    13 |    14 |    10 ||    37

Table legend: (Time is in decaauts)
 A = Elapsed time spent in this place.
 B = Non-inter-level travel time spent in this place.
 C = Inter-level travel time spent in this place.
 D = Time resting spent in this place.
 E = Time spent auto-exploring this place.
 F = Levels seen in this place.
 G = Mean time per level.
                   A        B        C        D        E       F      G
               +--------+--------+--------+--------+--------+-----+--------+
         Total |   1800 |   1762 |     38 |      0 |   1385 |   5 |  360.0 |
       Dungeon |   1800 |   1762 |     38 |      0 |   1385 |   5 |  360.0 |
               +--------+--------+--------+--------+--------+-----+--------+

Top non-repeatable levels by time:
     D:4: 540 daAuts
     D:3: 521 daAuts
     D:1: 400 daAuts
     D:2: 293 daAuts
     D:5: 43 daAuts
